 Dungeon Crawl Stone Soup version 0.20-a0-618-gbb8d3ca (console) character file.

791 Morrissey the Grave Robber (level 7, -2/66 HPs)
             Began as a Deep Dwarf Necromancer on Feb 9, 2017.
             Slain by an orc warrior
             ... wielding a +0 battleaxe
              (10 damage)
             ... on level 5 of the Dungeon.
             The game lasted 00:18:02 (6242 turns).

Morrissey the Grave Robber (Deep Dwarf Necromancer) Turns: 6242, Time: 00:18:03

Health: -2/66      AC:  8    Str: 13    XL:     7   Next: 57%
Magic:  3/11       EV: 13    Int: 16    God:
Gold:   253        SH:  0    Dex: 16    Spells: 7/12 levels left

rFire    . . .     SeeInvis .   a - +0 hand axe
rCold    . . .     Gourm    .   H - +0 robe
rNeg     . . .     Faith    .   (no shield)
rPois    .         Spirit   .   s - +0 helmet
rElec    .         Reflect  .   G - +0 cloak
rCorr    .         Harm     .   (no gloves)
MR       +....                  (no boots)
Stlth    ++........             (no amulet)
Regen    0.0/turn               k - +3 ring of dexterity
                                o - +4 ring of protection

@: non-regenerating
A: damage resistance, heal wounds, sense surroundings 1, slow regeneration 3
a: Heal Wounds


You were on level 5 of the Dungeon.
You were not hungry.

You visited 1 branch of the dungeon, and saw 5 of its levels.

You collected 253 gold pieces.

Inventory:

Hand Weapons
 a - a +0 hand axe (weapon)
Armour
 s - a +0 helmet (worn)
 G - a +0 cloak (worn)
 H - a +0 robe (worn)
Jewellery
 d - an uncursed ring of flight
 k - a +3 ring of dexterity (right hand)
 m - an uncursed ring of stealth
 o - a +4 ring of protection (left hand)
Wands
 x - a wand of random effects (4/48)
Scrolls
 f - a scroll of identify
 h - 3 scrolls of enchant weapon {unknown}
 i - a scroll of immolation {unknown}
 j - 8 scrolls of teleportation
 q - 2 scrolls of blinking {unknown}
 t - a scroll of noise {unknown}
 u - 5 scrolls of remove curse
 y - 2 scrolls of fog {unknown}
 z - a scroll of magic mapping {unknown}
 C - a scroll of recharging {unknown}
Potions
 e - a potion of might
 l - 2 potions of lignification
 n - a potion of agility
 p - a potion of brilliance
 r - a potion of flight
 v - a potion of haste
 B - 2 potions of cure mutation
 F - a potion of invisibility
Books
 b - a book of Necromancy

   Spells                             Type                      Level
   a - Pain                           Necromancy                   1
   b - Animate Skeleton               Necromancy                   1
   c - Vampiric Draining              Necromancy                   3
   d - Regeneration                   Charms/Necromancy            3
   e - Animate Dead                   Necromancy                   4
   f - Control Undead                 Necromancy                   4
Comestibles
 c - 5 bread rations
 g - 2 royal jellies
 w - 2 meat rations
 A - 6 fruits


   Skills:
 + Level 4.5 Fighting
 - Level 2.1 Dodging
 - Level 2.4 Stealth
 - Level 3.1 Spellcasting
 + Level 7.8 Necromancy


You had 7 spell levels left.
You knew the following spells:

 Your Spells              Type           Power        Failure   Level  Hunger
a - Pain                  Necr           ####         1%          1    #......
b - Animate Skeleton      Necr           N/A          1%          1    #......
c - Vampiric Draining     Necr           ####......   1%          3    ###....


Dungeon Overview and Level Annotations

Branches:
Dungeon (5/15)
 Temple: D:4-7

Altars:
Okawaru
Qazlal
Uskayaw

Annotations:
D:3 exclusion: phantom


Innate Abilities, Weirdness & Mutations

You are resistant to damage.
You can heal yourself by infusing magical energy.
You passively map a small area around you.
You do not regenerate.


Message History

* * * LOW HITPOINT WARNING * * *
Casting: Vampiric Draining
Confirm with . or Enter, or press ? or * to list all spells.
Aiming: Vampiric Draining
Press: ? - help, Shift-Dir - straight line, f - orc warrior
Aim: an orc warrior, wielding a battleaxe and wearing a plate armour The orc warrior is moderately wounded.
You feel life coursing into your body.
The orc warrior hits you with a battleaxe!!
* * * LOW HITPOINT WARNING * * *
Casting: Vampiric Draining
Confirm with . or Enter, or press ? or * to list all spells.
Aiming: Vampiric Draining
Press: ? - help, Shift-Dir - straight line, f/p - orc warrior
Aim: an orc warrior, wielding a battleaxe and wearing a plate armour (moderately wounded)
The orc warrior is severely wounded.
You feel life coursing into your body.
* * * LOW MAGIC WARNING * * *
The orc warrior hits you with a battleaxe!
You die...

.....................# , #....'..
....<................# .#....#((
.....................##'###..##..
####'###.....#'#####......##+####
.......'.....#.....#......#.....(
.......#.....#.....'......#......
########.....###..##......#######
.........#'#####[# .o......>...
.........#.....@o# ,,..5........
,.........#.......# ,.........5
.........#......)# ,.........
.........#.####.##, ........
..#############.#############'##
..* #........#..........#
#........'........Z.'
##..###..##'###.##..#
#..**#..##..##.##..#


You could see an orc warrior.

Vanquished Creatures
  The ghost of M4edhros the Covert, an amateur OpAr of Okawaru (D:4)
  A scorpion (D:5)
  A jelly (D:5)
  A bullfrog zombie (D:5)
  2 hounds
  A bullfrog skeleton (D:4)
  An orc priest (D:5)
  3 orc wizards
  A centaur skeleton (D:4)
  3 worker ants
  Robin (D:2)
  5 adders
  A gnoll (D:1)
  3 shadow imps (D:5)
  An ooze (D:2)
  An adder skeleton (D:5)
  3 worms
  A dart slug (D:1)
  A leopard gecko (D:2)
  6 orcs
  2 giant cockroaches (D:3)
  14 goblins
  16 hobgoblins
  7 jackals
  2 quokkas
  2 ball pythons (D:3)
  7 bats
  5 frilled lizards
  13 kobolds
  A leopard gecko zombie (D:5)
  7 rats
114 creatures vanquished.

Notes
Turn   | Place    | Note
-------+----------+-------------------------------------------
     0 | D:1      | Morrissey the Deep Dwarf Necromancer began the quest for the Orb.
     0 | D:1      | Reached XP level 1. HP: 15/15 MP: 3/3
   487 | D:1      | Reached XP level 2. HP: 9/24 MP: 0/5
   593 | D:1      | Learned a level 1 spell: Animate Skeleton
   640 | D:1      | Reached skill level 1 in Fighting
   993 | D:1      | Reached XP level 3. HP: 11/31 MP: 4/6
  1282 | D:1      | Learned a level 3 spell: Vampiric Draining
  1309 | D:2      | Reached skill level 5 in Necromancy
  1384 | D:2      | Found an iron altar of Okawaru.
  1470 | D:2      | Found a stormy altar of Qazlal.
  1664 | D:2      | Reached XP level 4. HP: 21/38 MP: 0/7
  1773 | D:2      | Noticed Robin
  1989 | D:2      | Killed Robin
  3179 | D:3      | Reached XP level 5. HP: 35/45 MP: 3/9
  3440 | D:3      | Noticed a phantom
  3608 | D:3      | Found a faded altar of an unknown god.
  4055 | D:5      | Entered Level 5 of the Dungeon
  4067 | D:5      | Reached skill level 6 in Necromancy
  4341 | D:5      | Reached XP level 6. HP: 33/55 MP: 0/10
  5008 | D:5      | Found a hide-covered altar of Uskayaw.
  5119 | D:5      | Reached skill level 7 in Necromancy
  5349 | D:4      | Noticed M4edhros's ghost (amateur OpAr)
  5369 | D:4      | Killed M4edhros's ghost
  5369 | D:4      | Reached XP level 7. HP: 10/64 MP: 6/11
  6241 | D:5      | HP: 2/66 [orc warrior/battleaxe (18)]
  6242 | D:5      | Slain by an orc warrior

Vault maps used:
D:1:      minmay_arrival_shattered_statue
D:2:      lemuel_doored_altar, grunt_qazlal_clouds, uniq_robin
D:3:      chequers_ecumenical_altar_grove, portal_sewer_entry_a,
          minmay_close_crescents
D:4:      first_bread
D:5:      lemuel_coloured_pillars_altar, nicolae_ashenzari_panopticon

Skill      XL: |  1  2  3  4  5  6 |
---------------+-------------------+-----
Spellcasting   | 2 3 |  3.1
Fighting       | 1 2 4 |  4.5
Necromancy     | 5 6 7 |  7.8
Dodging        | |  2.1
Stealth        | |  2.4

Action                   |  1- 3 |  4- 6 |  7- 9 || total
-------------------------+-------+-------+-------++-------
Melee: Unarmed           |    40 |   117 |    24 ||   181
       Dagger            |       |   153 |     4 ||   157
       Spear             |       |       |    17 ||    17
       Hand axe          |       |       |     9 ||     9
 Cast: Pain              |    61 |    77 |     3 ||   141
       Animate Skeleton  |     5 |       |       ||     5
       Vampiric Draining |     5 |    39 |    14 ||    58
Evoke: Wand              |       |     7 |     8 ||    15
  Use: Scroll            |       |     1 |     7 ||     8
       Potion            |       |       |     3 ||     3
 Stab: Paralysed         |       |     6 |    11 ||    17
       Distracted        |       |     1 |       ||     1
  Eat: Chunk             |     4 |    14 |     2 ||    20
       Meat ration       |       |     1 |       ||     1
       Fruit             |       |     1 |       ||     1
Armor: Robe              |    18 |   122 |    13 ||   153
Dodge: Dodged            |    58 |   227 |    44 ||   329
